 Dungeon Crawl Stone Soup version 0.18-a0-846-g91b95b1 (webtiles) character file.

230 wvc the Cudgeler (level 5, -1/41 HPs)
             Began as a Mummy Fighter on Dec 20, 2015.
             Slain by Pikel
             ... wielding a +1 whip of electrocution
              (2 damage)
             ... on level 3 of the Dungeon.
             The game lasted 00:04:23 (2679 turns).

wvc the Cudgeler (Mummy Fighter)                    Turns: 2679, Time: 00:04:23

Health: -1/41      AC:  7    Str: 19    XL:     5   Next: 72%
Magic:  5/5        EV:  5    Int:  8    God:
Gold:   134        SH: 13    Dex: 12    Spells: 0 memorised, 4 levels left

rFire  x . .     SeeInvis .     a - +0 flail
rCold  + . .     Gourm    .     b - +0 scale mail
rNeg   + + +     Faith    .     j - +0 large shield
rPois  ∞         Spirit   .     e - +0 helmet
rElec  .         Dismiss  .     (no cloak)
rCorr  .         Reflect  .     (no gloves)
SustAt .         Harm     .     (no boots)
MR     .....                    (no amulet)
Stlth  ..........               (no ring)
                                (no ring)

@: not resistant to hostile enchantments, extremely unstealthy
A: no food or potions, fire vulnerability, cold resistance 1, negative energy
resistance 3, torment resistance, unbreathing
a: no special abilities


You were on level 3 of the Dungeon.
You were not hungry.

You visited 1 branch of the dungeon, and saw 4 of its levels.

You collected 134 gold pieces.

Inventory:

Hand Weapons
 a - a +0 flail (weapon)
Missiles
 f - 18 poisoned needles
 g - 123 stones (quivered)
 m - 3 tomahawks of returning
 o - 4 curare-tipped needles
Armour
 b - a +0 scale mail (worn)
 e - a +0 helmet (worn)
 j - a +0 large shield (worn)
Scrolls
 c - a scroll of identify
 d - a scroll of teleportation {unknown}
 h - a scroll of amnesia {unknown}
 i - a scroll of remove curse
 k - a scroll of fog {unknown}
 l - a scroll of noise {unknown}
 n - a scroll of random uselessness {unknown}


   Skills:
 - Level 3.0 Fighting
 * Level 4.8 Maces & Flails
 - Level 2.4 Armour
 - Level 1.0 Dodging
 - Level 2.4 Shields


You had 4 spell levels left.
You didn't know any spells.

Dungeon Overview and Level Annotations

Branches:
Dungeon (4/15)
 Temple: D:4-7

Altars:

Annotations:
D:3 Pikel


Innate Abilities, Weirdness & Mutations

You do not eat or drink.
Your flesh is vulnerable to fire.
You are immune to poison.
Your flesh is cold resistant.
You are immune to negative energy.
You are immune to unholy pain and torment.
You can survive without breathing.


Message History

Pikel is lightly wounded.
You block Pikel's attack.
You barely miss Pikel.
Pikel is lightly wounded.
Pikel hits you with a whip of electrocution.
You are electrocuted!
* * * LOW HITPOINT WARNING * * *
You block Pikel's attack.
You are too injured to fight recklessly!
You are too injured to fight recklessly!
You can't drink.
You can't drink.
Read which item? (? for menu, Esc to quit)
As you read the scroll labeled RUZARA HORGHUOGOGU, it crumbles to dust.
It is a scroll of identify.
Identify which item? (\ to view known items) (? for menu, Esc to quit)
i - a scroll of remove curse Pikel says, "Who am I kidding?
They'll work you to death!"
Pikel hits you with a whip of electrocution.
You die...

## ########### #.########
.#######
#.........####.########
.......#
#.#######.##..†........
.#####.#
#.....)..#...#.###++### .#
#.####..######.####.#......#
.#
#......÷............#.≈..§.#
.#
######..###....÷....#..##..#
.# #..# #.##.######..##..#
.# ####..# #@##)# #.≈..≈.#
.# #.!(..# #K##.# #....†.#
.# #.##.####p##.# ###†'###
.# #.##.....p>..# ##..# .#
#.#######.[..#######..## .#
#.# #..#.........## .# ##.#
##...######.## .# #..#
##.#######.###### .# #.##
#.##............


You could see Pikel and 2 slaves.

Vanquished Creatures
  A slave (D:3)
  A worker ant (D:3)
  10 adders
  3 oozes
  4 worms
  A giant gecko (D:3)
  4 orcs (D:3)
  12 bats
  6 giant cockroaches
  10 goblins
  3 hobgoblins
  2 jackals (D:1)
  13 kobolds
  A quokka (D:2)
  3 ball pythons
  5 giant newts
  10 rats
89 creatures vanquished.

Notes
Turn   | Place    | Note
--------------------------------------------------------------
     0 | D:1      | wvc the Mummy Fighter began the quest for the Orb.
     0 | D:1      | Reached XP level 1. HP: 18/18 MP: 1/1
   108 | D:1      | Reached XP level 2. HP: 22/24 MP: 2/2
   234 | D:1      | Reached XP level 3. HP: 26/29 MP: 3/3
   402 | D:1      | Reached skill level 1 in Dodging
  1061 | D:2      | Reached XP level 4. HP: 33/35 MP: 4/4
  1524 | D:3      | Reached skill level 4 in Maces & Flails
  1583 | D:3      | Reached XP level 5. HP: 36/41 MP: 5/5
  2499 | D:4      | Noticed Pikel
  2499 | D:4      | Noticed a slave
  2499 | D:4      | Noticed a slave
  2500 | D:4      | Noticed a slave
  2500 | D:4      | Noticed a slave
  2550 | D:3      | Killed a slave
  2678 | D:3      | HP: 1/41 [Pikel/whip of electrocution (12)]
  2679 | D:3      | Slain by Pikel

Vault maps used:
D:1:      dpeg_arrival_refuge
D:3:      first_bread, minmay_misc_feat_diagonals, kennysheep_generic_room_15
D:4:      uniq_grinder, uniq_menkaure, uniq_pikel

Action                   |  1- 3 |  4- 6 || total
-------------------------+-------+-------++-------
Melee: Flail             |   117 |   250 ||   367
  Use: Scroll            |       |     1 ||     1
